 Dungeon Crawl Stone Soup version 0.30.0-15-g856e2d3f33 (webtiles) character file.

Game seed: 16736478296737892281

43 browni3141 the Caller (level 3, -1/24 HPs)
             Began as a Mummy Summoner on May 19, 2023.
             Hit by a goblin thrown by Robin (3 damage)
             ... on level 3 of the Dungeon.
             The game lasted 00:02:53 (538 turns).

browni3141 the Caller (Mummy Summoner)               Turns: 538, Time: 00:02:54

Health: -1/24      AC:  2    Str: 11    XL:     3   Next: 37%
Magic:  5/7        EV: 12    Int: 16    God:
Gold:   43         SH:  0    Dex: 18    Spells: 4/7 levels left

rFire   x . .        f - +0 short sword
rCold   + . .        (no shield)
rNeg    + + +        a - +0 robe
rPois   ∞            (no helmet)
rElec   .            (no cloak)
rCorr   .            (no gloves)
SInv    .            (no boots)
Will    .....        (no amulet)
Stlth   ++           g - +6 ring of dexterity
HPRegen 0.24/turn    (no ring)
MPRegen 0.10/turn

%: faith
@: no status effects
A: cold resistance 1, negative energy resistance 3, torment resistance 2, heat
vulnerability 1, in touch with death 1, no potions, faith
a: no special abilities


You were on level 3 of the Dungeon.
You visited 1 branch of the dungeon, and saw 3 of its levels.

You collected 43 gold pieces.

Inventory:

Hand Weapons
 c - a +0 dagger
 f - a +0 short sword (weapon)
Missiles
 T - 2 boomerangs
Armour
 a - a +0 robe (worn)
Jewellery
 g - a +6 ring of dexterity (left hand)
Scrolls
 b - a scroll of teleportation {unknown}
 d - a scroll of blinking {unknown}
 e - 4 scrolls of identify {unknown}


   Skills:
 - Level 1.5 Dodging
 - Level 1.5 Stealth
 - Level 2.6 Spellcasting
 * Level 4.3 Summonings


You had 4 spell levels left.
You knew the following spells:

 Your Spells              Type           Power      Damage    Failure   Level
x - Call Imp              Summ           32%        N/A       4%          2
z - Summon Small Mammal   Summ           64%        N/A       3%          1

Your spell library contained the following spells:

 Spells                   Type           Power      Damage    Failure   Level
 Call Canine Familiar     Summ           16%        N/A       10%         3
 Summon Guardian Golem    Hex/Summ       9%         N/A       24%         3
 Summon Lightning Spire   Summ/Air       9%         N/A       61%         4


Dungeon Overview and Level Annotations

Branches:
Dungeon (3/15)

Altars:

Annotations:
D:3 Robin


Innate Abilities, Weirdness & Mutations

You are immune to poison.
Your flesh is cold resistant. (rC+)
You are immune to negative energy. (rN+++)
You are immune to unholy pain and torment.
You are vulnerable to heat. (rF-)
You are in touch with the powers of death.
You do not drink.
You have a special connection with the divine. (Faith)


Message History

You see here a quokka corpse.
An adder comes into view.
The adder hisses angrily.
The adder bites you but does no damage.
You hit the adder.
The adder is lightly wounded.
The adder bites you but does no damage.
Your cerulean imp hits the adder from afar with a -3 spear.
The adder bites you but does no damage.
You hit the adder.
The adder is heavily wounded.
Your cerulean imp hits the adder but does no damage.
The adder bites you but does no damage.
You miss the adder.
The adder is heavily wounded.
Your cerulean imp misses the adder.
The adder bites you but does no damage.
You hit the adder.
The adder is almost dead.
The adder misses you.
Your cerulean imp hits the adder from afar with a -3 spear.
The adder dies!
You have reached level 3!
Your experience leads to an increase in your attributes!
Increase (S)trength, (I)ntelligence, or (D)exterity?
You feel clever. x2
You feel more in touch with the powers of death.
Your cerulean imp disappears in a puff of smoke!
You see here 2 sedimented puce potions.
You see here a purple potion.
g - a +6 ring of dexterity
e - 4 scrolls labelled METUCLE LUUFE (gained 1)
You feel agile.
g - a +6 ring of dexterity (left hand)
A goblin comes into view. It is wielding a +0 club.
You see here 12 gold pieces.
You now have 43 gold pieces (gained 12).
The goblin shouts!
A tiny devil pulls itself out of the air.
The goblin barely misses you.
You hit the goblin.
The goblin is severely wounded.
The goblin barely misses you.
You hit the goblin.
You kill the goblin!
No target in view!
You see here a +0 club.
An orc comes into view. It is wielding a +0 mace.
An orc comes into view. It is wielding a +0 falchion.
The helpless orc fails to defend itself.
You hit the orc.
The orc is severely wounded.
Your cerulean imp closely misses the orc.
The orc hits you with a +0 mace.
You hit the orc.
You kill the orc!
Your cerulean imp hits the orc from afar with a -3 spear.
The orc hits you with a +0 falchion.
You see here a +0 mace.
You barely miss the orc.
The orc is moderately wounded.
Your cerulean imp disappears in a puff of smoke!
The orc closely misses you.
You hit the orc.
You kill the orc!
T - 2 boomerangs You see here a +0 falchion.
A goblin and an orc come into view.
Found a stone staircase leading down.
The goblin shouts!
The orc shouts!
You hear a shout! x3
The orc closely misses you.
A goblin comes into view. It is wielding a +0 dagger.
You hear a shout!
Casting: Call Imp (safe; 4% risk of failure)
Press: ? - help, Q - select action, (/) - cycle Dir - look around, f - activate A tiny devil pulls itself out of the air.
You hear a shout!
The orc barely misses you.
You hear an angry hiss.
You are too injured to fight recklessly!
You are too injured to fight recklessly!
You are too injured to fight recklessly!
The orc hits you with a +0 trident.
* * * LOW HITPOINT WARNING * * *
Robin of the Strong Arm comes into view.
They are wielding a +4 short sword of draining and carrying a wand of polymorph (2).
Your cerulean imp barely misses the orc.
You hit the orc.
The orc is heavily wounded.
The orc hits you with a +0 trident!
* * * LOW HITPOINT WARNING * * *
Robin throws the goblin at you!
* * * LOW HITPOINT WARNING * * *
The goblin shouts!
The goblin misses you.
Your cerulean imp hits the orc from afar with a -3 spear.
The orc dies!
You hit the goblin.
You kill the goblin!
A gnoll comes into view. It is wielding a +0 whip.
Robin throws the goblin at you!
You die... #.# g>g

#.# #.# #g# #g#
#)#
################@#
#............))g5#
#.################
#.# #.# #.# #.#
#.# ..#


You could see Robin, a gnoll, 3 goblins and a friendly cerulean imp (summoned).

Vanquished Creatures
  A worm (D:2)
  2 orcs (D:3)
  2 endoplasms
  A giant cockroach (D:2)
  4 goblins
  2 jackals (D:2)
  2 quokkas
14 creatures vanquished.

Vanquished Creatures (collateral kills)
  An adder (D:3)
  An orc (D:3)
  A bat (D:2)
  An endoplasm (D:1)
  2 giant cockroaches
  2 hobgoblins
  A quokka (D:1)
  A frilled lizard (D:1)
  A kobold (D:2)
11 creatures vanquished.

Grand Total: 25 creatures vanquished

Notes
Turn   | Place    | Note
-------+----------+-------------------------------------------
     0 | D:1      | browni3141 the Mummy Summoner began the quest for the Orb.
     0 | D:1      | Reached XP level 1. HP: 13/13 MP: 4/4
   141 | D:1      | Reached XP level 2. HP: 17/19 MP: 1/5
   147 | D:1      | Learned a level 2 spell: Call Imp
   313 | D:2      | Reached skill level 4 in Summonings
   431 | D:3      | Gained mutation: You are in touch with the powers of death.
                  | [Mummy growth]
   431 | D:3      | Reached XP level 3. HP: 23/24 MP: 5/7
   536 | D:3      | Noticed Robin
   538 | D:3      | Hit by a goblin thrown by Robin

Illustrated notes

Levels and vault maps discovered:
D:1:      dpeg_arrival_shelter, layout_loops_ring
D:2:      layout_basic
D:3:      layout_loops_ring, uniq_robin, uniq_natasha

Skill      XL: |  1  2 |
---------------+-------+-----
Summonings     | 4 |  4.3
Dodging        | |  1.5
Stealth        | |  1.5
Spellcasting   | |  2.6

Action                     || total
---------------------------++-------
  Melee: Unarmed           ||     8
         Dagger            ||    18
         Short sword       ||    30
   Cast: Summon Small Mamm ||     7
         Call Imp          ||     9
   Stab: Sleeping          ||     3
 Armour: Robe              ||    11
  Dodge: Dodged            ||    40
